 Dungeon Crawl Stone Soup version 0.27-a0-1123-g2f9bb313c0 (webtiles) character file.

Game seed: 3312737991301499302

29 StrangeLoop the Skirmisher (level 3, 31/31 HPs)
             Began as a Palentonga Fighter on Apr 30, 2021.
             Quit the game on level 2 of the Dungeon on May 3, 2021.
             The game lasted 00:06:27 (1289 turns).

StrangeLoop the Skirmisher (Palentonga Fighter)     Turns: 1289, Time: 00:06:28

Health: 31/31      AC:  6    Str: 20    XL:     3   Next: 1%
Magic:  3/3        EV:  5    Int:  8    God:
Gold:   43         SH:  8    Dex:  9    Spells: 2/2 levels left

rFire    . . .     SeeInvis +     - Unarmed
rCold    . . .     Faith    .   b - +0 kite shield
rNeg     . . .     Spirit   .   a - +0 scale mail
rPois    .         Reflect  .   (no helmet)
rElec    .         Harm     .   (no cloak)
rCorr    .         Rampage  .   (no gloves)
Will     .....                  (no barding)
Stlth    ..........             (no amulet)
HPRegen  0.10/turn              (no ring)
MPRegen  0.08/turn              (no ring)

@: no status effects
A: large, rugged brown scales 3, see invisible, deformed body, roll 1, armoured
tail
a: Rolling Charge


You were on level 2 of the Dungeon.
You visited 1 branch of the dungeon, and saw 2 of its levels.

You collected 43 gold pieces.

Inventory:

Hand Weapons
 c - a +0 short sword
 d - a +0 dagger
 i - a +0 club
Missiles
 f - 2 stones
Armour
 a - a +0 scale mail (worn)
 b - a +0 kite shield (worn)
 g - a +0 ring mail
 l - a +0 scale mail
 m - a +0 ring mail
Scrolls
 k - a scroll of vulnerability
Potions
 e - a potion of haste {unknown}
 h - 2 potions of lignification {unknown}
 j - a potion of heal wounds {unknown}


   Skills:
 + Level 3.5 Fighting
 + Level 2.7 Armour
 - Level 2.4 Shields
 * Level 2.5 Unarmed Combat


You had 2 spell levels left.
You didn't know any spells.
Your spell library contained the following spells:

 Spells                   Type           Power      Damage    Failure   Level
 Summon Small Mammal      Summ           0%         N/A       99%         1
 Call Imp                 Summ           0%         N/A       100%        2
 Call Canine Familiar     Summ           0%         N/A       100%        3
 Summon Guardian Golem    Hex/Summ       0%         N/A       100%        3
 Summon Ice Beast         Ice/Summ       0%         N/A       100%        4
 Summon Lightning Spire   Summ/Air       0%         N/A       100%        4


Dungeon Overview and Level Annotations

Branches:
Dungeon (2/15)

Altars:


Innate Abilities, Weirdness & Mutations

You are completely covered in rugged brown scales. (AC +3, +7% HP)
You have supernaturally acute eyesight. (SInv)
Armour fits poorly on your strangely shaped body.
You can roll at nearby foes to attack.
You have a long armoured tail.


Message History

There is an open door here.
You see here a +0 ring mail.
m - a +0 ring mail A dart slug comes into view.
You feel a little less mighty now. The dart slug barely misses you.
You hit the dart slug. You tail-slap the dart slug.
You kill the dart slug!
You have reached level 3!
Your experience leads to an increase in your attributes!
Increase (S)trength, (I)ntelligence, or (D)exterity?
You feel stronger.
Save game and exit?
Welcome back, StrangeLoop the Palentonga Fighter.
Press ? for a list of commands and other information.
Unknown command.
Okay, then.
Press: ? - help, v - describe, . - travel The floor.
Unknown command.
Unknown command.
You are a level 3 Palentonga Fighter.
You are 1% of the way to level 4.
Play time: 00:04:09 (1278 turns).
Zot will find you in 10706 turns if you stay in this branch and explore no new floors.
You can't go down here!
Unknown command.
Unknown command.
Unknown command.
Unknown command.
You have 43 gold pieces.
Unknown command.
Unknown command.
You can't go down here! (m)acro, keymap [(k) default, (x) level-map, (t)argeting, (c)onfirm, m(e)nu], (s)ave?
Aborting.
Unknown command.
Unknown command.
Welcome back, StrangeLoop the Palentonga Fighter.
Press ? for a list of commands and other information.
Are you sure you want to abandon this character and quit the game? (Confirm with "yes".)

...# #.# #...#.#.#.#.......#..>
...# #.# #...#.#.#.#.#####.#.##
...# #.# #...#.#.#.#.....#.#.#
...#####.# #...#.#.#.#.....#.#.#
...'.....###.†.#.....#..<..#.#.#
...###.........#.....#.....#.#.#
...............'.....#.....#.#.#
######.........#.............#.#
#.........#@..............#
###########.....###########
#...............#
#....##########.# ###.## #.# #.#
#.# #.# #.# #.# #.# #.# #.#


There were no monsters in sight!

Vanquished Creatures
  A worm (D:2)
  A dart slug (D:2)
  2 bats (D:1)
  2 endoplasms (D:1)
  A giant cockroach (D:1)
  A goblin (D:1)
  2 hobgoblins
  4 jackals (D:2)
  A kobold (D:2)
  A quokka (D:1)
  2 ball pythons (D:2)
  3 rats
21 creatures vanquished.

Notes
Turn   | Place    | Note
-------+----------+-------------------------------------------
     0 | D:1      | StrangeLoop the Palentonga Fighter began the quest for the
                  | Orb.
     0 | D:1      | Reached XP level 1. HP: 19/19 MP: 1/1
   403 | D:1      | Reached XP level 2. HP: 21/25 MP: 2/2
  1257 | D:2      | Reached XP level 3. HP: 31/31 MP: 3/3
  1289 | D:2      | Upgraded the game from 0.27-a0-1105-g946c659c87 to
                  | 0.27-a0-1123-g2f9bb313c0
  1289 | D:2      | Quit the game

Illustrated notes

Levels and vault maps discovered:
D:1:      onia_arrival_pentagram, layout_rooms, minmay_pentomino_p2
D:2:      layout_basic

Action                   || total
-------------------------++-------
Melee: Unarmed           ||    85
       Tailslap          ||    11
 Abil: Rolling Charge    ||     1
  Use: Scroll            ||     1
       Potion            ||     1
Armor: Scale mail        ||    60
Dodge: Dodged            ||    18
Block: Kite shield       ||    60

Table legend: (Time is in decaauts)
 A = Elapsed time spent in this place.
 B = Non-inter-level travel time spent in this place.
 C = Inter-level travel time spent in this place.
 D = Time resting spent in this place.
 E = Time spent auto-exploring this place.
 F = Levels seen in this place.
 G = Mean time per level.
                   A        B        C        D        E       F      G
               +--------+--------+--------+--------+--------+-----+--------+
         Total |   1304 |   1304 |      0 |    544 |    310 |   2 |  652.0 |
       Dungeon |   1304 |   1304 |      0 |    544 |    310 |   2 |  652.0 |
               +--------+--------+--------+--------+--------+-----+--------+

Top non-repeatable levels by time:
     D:2: 802 daAuts
     D:1: 501 daAuts
